 Dungeon Crawl Stone Soup version 0.28-a0-1567-g1695149f81 (webtiles) character file.

Game seed: 10340224414113109357

101 buddhastalin the Sneak (level 5, -2/32 HPs)
             Began as a Kobold Brigand on Jan 19, 2022.
             Slain by a gnoll (6 damage)
             ... on level 3 of the Dungeon.
             The game lasted 00:04:22 (2532 turns).

buddhastalin the Sneak (Kobold Brigand)             Turns: 2532, Time: 00:04:23

Health: -2/32      AC:  4    Str:  8    XL:     5   Next: 4%
Magic:  5/5        EV: 13    Int: 14    God:
Gold:   91         SH:  5    Dex: 17    Spells: 4/4 levels left

rFire   . . .      SeeInvis .   a - +2 dagger
rCold   . . .      Faith    .   l - +0 buckler
rNeg    . . .      Spirit   .   h - +0 leather armour
rPois   .          Reflect  .   (no helmet)
rElec   .          Harm     .   c - +0 cloak
rCorr   .          Rampage  .   (no gloves)
Will    .....                   (no boots)
Stlth   ++++......              (no amulet)
HPRegen 0.10/turn               (no ring)
MPRegen 0.09/turn               (no ring)

@: mighty
A: small, no large weapons, nightstalker 3
a: no special abilities


You were on level 3 of the Dungeon.
You visited 1 branch of the dungeon, and saw 3 of its levels.

You collected 91 gold pieces.

Inventory:

Hand Weapons
 a - a +2 dagger (weapon)
Missiles
 d - 8 poisoned darts (quivered)
 e - 2 curare-tipped darts
 m - 6 datura-tipped darts
Armour
 c - a +0 cloak (worn)
 h - a +0 leather armour (worn)
 l - a +0 buckler (worn)
Jewellery
 n - a +6 ring of strength
Scrolls
 b - a scroll of blinking {unknown}
 g - 2 scrolls of teleportation {unknown}
 i - 2 scrolls of fog {unknown}
 k - a scroll of noise {unknown}
 o - a scroll of enchant weapon {unknown}
 q - a scroll of enchant armour {unknown}
 r - a scroll of silence {unknown}
Potions
 p - a potion of magic


   Skills:
 + Level 2.9 Fighting
 * Level 4.4 Short Blades
 - Level 2.1 Throwing
 + Level 2.4 Dodging
 + Level 5.9 Stealth
 + Level 0.7 Shields


You had 4 spell levels left.
You didn't know any spells.
Your spell library contained the following spells:

 Spells                   Type           Power      Damage    Failure   Level
 Conjure Flame            Conj/Fire      0%         6-21      89%         3
 Ignite Poison            Fire/Tmut/Pois 0%         N/A       89%         3
 Sticky Flame             Conj/Fire      0%         2d3       100%        4


Dungeon Overview and Level Annotations

Branches:
Dungeon (3/15)

Altars:


Innate Abilities, Weirdness & Mutations

You are small and have problems with some larger weapons.
You are completely attuned to the shadows.


Message History

a +0 club; a gnoll corpse You hit the gnoll.
The gnoll is moderately wounded.
You block the gnoll's attack.
You hit the gnoll.
The gnoll is severely wounded.
The gnoll hits you but does no damage. You block the gnoll's attack.
You hit the gnoll.
The gnoll is almost dead.
You barely miss the gnoll.
The gnoll is almost dead.
The gnoll hits you but does no damage. You block the gnoll's attack.
The gnoll hits you but does no damage.
You puncture the gnoll!
You kill the gnoll!
The gnoll barely misses you. You block the gnoll's attack.
You puncture the gnoll!
The gnoll is severely wounded.
You block the gnoll's attack. The gnoll misses you.
You barely miss the gnoll.
The gnoll is severely wounded.
You block the gnoll's attack. The gnoll hits you but does no damage.
You puncture the gnoll!
You kill the gnoll!
The gnoll barely misses you.
You have reached level 5!
You feel agile.
You hit the gnoll.
The gnoll is lightly wounded.
The gnoll hits you with a +0 whip.
* * * LOW HITPOINT WARNING * * *
You hit the gnoll.
The gnoll is moderately wounded.
You barely miss the gnoll.
The gnoll is moderately wounded.
You block the gnoll's attack.
You barely miss the gnoll.
The gnoll is moderately wounded.
The gnoll hits you with a +0 whip.
You die...

.#.##..###. #.#...####.
##.#.....#.###.........
##.#.#..##.............
......#.......##...###<...#
##.#..#.......##...# #....#
#.#..#.......##.#####g...#
#.####................g..###
#............##.#####.#gg...
###........)@)....>#.####
##......##g#######.#
######.............gg...#
#...........................
#........#####..........####
#.......## ##.........#
#[......# #.........#
######..# #..#


You could see a gnoll.

Vanquished Creatures
  3 adders
  3 gnolls (D:3)
  10 bats
  3 endoplasms
  4 giant cockroaches (D:1)
  3 goblins
  6 hobgoblins
  A quokka (D:2)
  5 ball pythons
  2 frilled lizards (D:2)
  3 kobolds
  4 rats
47 creatures vanquished.

Vanquished Creatures (others)
  A plant (D:1)
1 creature vanquished.

Grand Total: 48 creatures vanquished

Notes
Turn   | Place    | Note
-------+----------+-------------------------------------------
     0 | D:1      | buddhastalin the Kobold Brigand began the quest for the
                  | Orb.
     0 | D:1      | Reached XP level 1. HP: 12/12 MP: 1/1
   120 | D:1      | Reached XP level 2. HP: 10/18 MP: 2/2
   358 | D:1      | You fall into a shaft and drop 1 floor!
   614 | D:2      | Found a faded altar of an unknown god.
   879 | D:1      | Reached XP level 3. HP: 22/22 MP: 3/3
  1650 | D:2      | Reached XP level 4. HP: 27/27 MP: 4/4
  2529 | D:3      | Reached XP level 5. HP: 9/32 MP: 5/5
  2532 | D:3      | Slain by a gnoll

Illustrated notes

Levels and vault maps discovered:
D:1:      minmay_arrival_diagonal_passages, layout_basic, serial_bayou_lake_a
D:2:      layout_basic, basic_ecumenical_altar
D:3:      layout_basic, kennysheep_jessica_study

Skill      XL: |  1  2  3  4 |
---------------+-------------+-----
Short Blades   | 3 4 |  4.4
Dodging        | 2 |  2.4
Fighting       | |  2.9
Throwing       | |  2.1
Stealth        | |  5.9
Shields        | |  0.7

Action                   |  1- 3 |  4- 6 || total
-------------------------+-------+-------++-------
Melee: Dagger            |   109 |    41 ||   150
  Use: Potion            |       |     3 ||     3
 Stab: Sleeping          |    22 |     5 ||    27
Armor: Robe              |     1 |       ||     1
       Leather armour    |    24 |     7 ||    31
Dodge: Dodged            |    55 |    23 ||    78
Block: Buckler           |    10 |    13 ||    23

Table legend: (Time is in decaauts)
 A = Elapsed time spent in this place.
 B = Non-inter-level travel time spent in this place.
 C = Inter-level travel time spent in this place.
 D = Time resting spent in this place.
 E = Time spent auto-exploring this place.
 F = Levels seen in this place.
 G = Mean time per level.
                   A        B        C        D        E       F      G
               +--------+--------+--------+--------+--------+-----+--------+
         Total |   2556 |   2478 |     78 |    233 |   1847 |   3 |  852.0 |
       Dungeon |   2556 |   2478 |     78 |    233 |   1847 |   3 |  852.0 |
               +--------+--------+--------+--------+--------+-----+--------+

Top non-repeatable levels by time:
     D:2: 1204 daAuts
     D:1: 1006 daAuts
     D:3: 344 daAuts
